 Dungeon Crawl Stone Soup version 0.21-a0-401-g0b6bec4 (webtiles) character file.

13 grizmgrazm2 the Vexing (level 2, -3/20 HPs)
             Began as a Vampire Enchanter on Oct 22, 2017.
             Slain by a gnoll
             ... wielding a +0 spear
              (8 damage)
             ... on level 1 of the Dungeon.
             The game lasted 00:01:54 (769 turns).

grizmgrazm2 the Vexing (Vampire Enchanter)           Turns: 769, Time: 00:01:55

Health: -3/20      AC:  2    Str:  7    XL:     2   Next: 24%
Magic:  1/5        EV: 12    Int: 17    God:
Gold:   20         SH:  0    Dex: 14    Spells: 2/5 levels left

rFire    . . .     SeeInvis +   a - +1 dagger
rCold    . . .     Gourm    .   (no shield)
rNeg     + . .     Faith    .   b - +0 robe
rPois    .         Spirit   .   (no helmet)
rElec    .         Reflect  .   (no cloak)
rCorr    .         Harm     .   (no gloves)
MR       .....                  (no boots)
Stlth    +++.......             (no amulet)
HPRegen  0.06/turn              (no ring)
MPRegen  0.09/turn              (no ring)

@: no status effects
A: fangs 3, see invisible, unbreathing
a: no special abilities


You were on level 1 of the Dungeon.
You were not thirsty.

You visited 1 branch of the dungeon, and saw 1 of its levels.

You collected 20 gold pieces.

Inventory:

Hand Weapons
 a - a +1 dagger (weapon)
Armour
 b - a +0 robe (worn)
Scrolls
 f - 2 scrolls of enchant armour {unknown}
 g - a scroll of amnesia {unknown}
 h - a scroll of identify {unknown}
Potions
 d - a potion of blood
 e - a potion of haste {unknown}
Books
 c - a book of Maledictions

   Spells                             Type                      Level
   a - Corona                         Hexes                        1
   b - Ensorcelled Hibernation        Hexes/Ice                    2
   c - Confuse                        Hexes                        3
   d - Tukima's Dance                 Hexes                        3
   e - Dazzling Spray                 Conjuration/Hexes            3


   Skills:
 * Level 0.3 Fighting
 + Level 1.2 Short Blades
 + Level 2.2 Dodging
 + Level 4.7 Stealth
 + Level 2.0 Spellcasting
 + Level 4.9 Hexes
 + Level 0.1 Ice Magic


You had 2 spell levels left.
You knew the following spells:

 Your Spells              Type           Power        Failure   Level  Hunger
a - Ensorcelled Hibernat  Hex/Ice        ##....       11%         2    ###....
b - Corona                Hex            ###....      2%          1    #......


Dungeon Overview and Level Annotations

Branches:
Dungeon (1/15)

Altars:


Innate Abilities, Weirdness & Mutations

You have razor-sharp teeth.
You have supernaturally acute eyesight. (SInv)
You can survive without breathing.


Message History

Aim: a gnoll, wielding a spear (chance to defeat MR: 50%)
The gnoll resists with some effort.
Casting: Ensorcelled Hibernation
Confirm with . or Enter, or press ? or * to list all spells.
Aiming: Corona
Press: ? - help, Shift-Dir - straight line, f/p - gnoll
Aim: a gnoll, wielding a spear (chance to defeat MR: 65%)
The gnoll is outlined in light.
The gnoll misses you. The gnoll closely misses you.
You barely miss the gnoll. The gnoll hits you with a spear!
You hit the gnoll.
The gnoll is moderately wounded.
The gnoll hits you with a spear.
You hit the gnoll.
The gnoll is heavily wounded.
The gnoll hits you with a spear.
* * * LOW HITPOINT WARNING * * *
The gnoll hits you from afar with a spear!
You die...

.................##.#...P#.......
.............#...###....###.%....
.................#P.#.PPP###.....
.................###...P## #.....
..........%......####P### #.....
....#.............# ### ######
....#..##..#....g.#
###.#.####..#.....#####.##
##.###.@.........
##.###.#.#.....#.
#........##....# #........#
...... #..............##
#.!.......#....# #......[..#
..... #.(........ ...#
........$..##


You could see a gnoll.

Vanquished Creatures
  A ball python (D:1)
  2 hobgoblins (D:1)
  2 kobolds (D:1)
  2 bats (D:1)
  A frilled lizard (D:1)
  2 goblins (D:1)
  4 rats (D:1)
14 creatures vanquished.

Notes
Turn   | Place    | Note
-------+----------+-------------------------------------------
     0 | D:1      | grizmgrazm2 the Vampire Enchanter began the quest for the Orb.
     0 | D:1      | Reached XP level 1. HP: 13/13 MP: 3/3
   519 | D:1      | Reached XP level 2. HP: 20/20 MP: 5/5
   523 | D:1      | Learned a level 2 spell: Ensorcelled Hibernation
   769 | D:1      | Slain by a gnoll

Vault maps used:
D:1:      dpeg_arrival_round_c, minmay_shallow_snake_nest

Action                   || total
-------------------------++-------
Melee: Dagger            ||    27
       Bite              ||     1
 Cast: Corona            ||     8
       Ensorcelled Hiber ||     8
 Stab: Sleeping          ||     6
Armor: Robe              ||     4
Dodge: Dodged            ||    15

Table legend:
 A = Spawn XP
 B = Non-spawn XP
 C = Spawn XP percentage of total XP
 D = Spawn monster count
 E = Non-spawn monster count
 F = Spawn count percentage of total count
 G = Total turns spent on level
                    A         B        C        D         E        F      G
               +---------+---------+-------+---------+---------+-------+---------
         Total |       0 |      19 |   0.0 |       0 |      14 |   0.0 |   769
               +---------+---------+-------+---------+---------+-------+---------
           D:1 |       0 |      19 |   0.0 |       0 |      14 |   0.0 |   769
               +---------+---------+-------+---------+---------+-------+---------
